 Dungeon Crawl Stone Soup version 0.20-a0-1122-gb7cbeb9 (webtiles) character file.

2347 M4edhros the Covert (level 9, -1/57 HPs)
             Began as an Octopode Artificer on May 12, 2017.
             Was a Follower of Fedhas.
             Slain by a centaur (6 damage)
             ... on level 7 of the Dungeon.
             The game lasted 00:10:01 (8376 turns).

M4edhros the Covert (Octopode Artificer)            Turns: 8376, Time: 00:10:02

Health: -1/57      AC:  1    Str:  9    XL:     9   Next: 43%
Magic:  11/11      EV: 15    Int: 13    God:    Fedhas [*.....]
Gold:   342        SH:  5    Dex: 16    Spells: 8/8 levels left

rFire    . . .     SeeInvis .   o - +2 mace (crush)
rCold    . . .     Gourm    .   w - +0 buckler
rNeg     . . .     Faith    .   (helmet restricted)
rPois    .         Spirit   .   (no amulet)
rElec    .         Reflect  .   (no ring)
rCorr    .         Harm     .   (no ring)
MR       .....                  (no ring)
Stlth    +++++++...             (no ring)
Regen    0.2/turn               (no ring)
MPRegen  0.2/turn               (no ring)
                                (no ring)
                                (no ring)

@: no status effects
A: almost no armour, stealthy swim, amphibious, 8 rings, constrict 8, camouflage
1, weak 1, gelatinous body 1
a: Fungal Bloom, Evolution, Renounce Religion


You were on level 7 of the Dungeon.
You worshipped Fedhas.
Fedhas was aware of your devotion.
You were not hungry.

You visited 2 branches of the dungeon, and saw 8 of its levels.

You collected 342 gold pieces.

Inventory:

Hand Weapons
 n - a +2 hunting sling
 o - a +2 mace of crushing (weapon)
 D - a +0 fustibalus
Missiles
 a - 45 sling bullets
 z - 141 stones (quivered)
Armour
 w - a +0 buckler (worn)
Wands
 b - a wand of flame (1/48)
 c - a wand of enslavement (6/24)
 d - a wand of random effects (9/48)
 u - a wand of digging (15/24)
 y - a wand of flame (40/48)
Scrolls
 e - a scroll of enchant armour
 h - 3 scrolls of immolation
 i - 3 scrolls of amnesia
 j - a scroll of remove curse
 l - a scroll of blinking {unknown}
 r - 2 scrolls of teleportation
 C - a scroll of noise {unknown}
Potions
 g - 3 potions of invisibility
 m - a potion of agility {unknown}
 p - a potion of berserk rage {unknown}
 t - a potion of might {unknown}
 v - a potion of cancellation {unknown}
 B - 2 potions of ambrosia
Comestibles
 f - 6 bread rations
 k - a meat ration
 q - 4 royal jellies


   Skills:
 * Level 3.6 Fighting
   Level 1.0 Short Blades
 * Level 4.1 Dodging
 + Level 13.9 Stealth
 * Level 3.2 Shields
 * Level 2.5 Invocations
 - Level 3.2 Evocations


You had 8 spell levels left.
You didn't know any spells.

Dungeon Overview and Level Annotations

Branches:
Dungeon (7/15)             Temple (1/1) D:5

Altars:
Ashenzari
Dithmenos
Elyvilon
Fedhas
Gozag
Hepliaklqana
Kikubaaqudgha
Makhleb
Nemelex Xobeh
Okawaru
Qazlal
Ru
Sif Muna
Trog
Uskayaw
Vehumet
Wu Jian
Xom
Yredelemnul
Zin
The Shining One


Innate Abilities, Weirdness & Mutations

You cannot wear most types of armour.
You are very stealthy in the water. (Stealth+)
You are amphibious.
You can wear up to eight rings at the same time.
You can use your tentacles to constrict eight enemies at once.
Your skin changes colour to match your surroundings (Stealth+).
Your rubbery body absorbs attacks. (AC +1, EV +1)
You are weak. (Str -2)


Message History

The jackal bites you but does no damage.
You block the jackal's attack. The orc closely misses you.
You hit the jackal but do no damage. You grab the jackal.
You squeeze the jackal.
You kill the jackal!
The orc hits you with a club.
You hit the orc.
You kill the orc!
The orc hits you but does no damage.
You sock the orc!
You kill the orc!
The centaur shoots an arrow.
The arrow hits you!
The centaur shoots an arrow.
The arrow hits you!
* * * LOW HITPOINT WARNING * * *
The centaur unwields an uncursed shortbow.
The centaur hits you.
* * * LOW HITPOINT WARNING * * *
The centaur hits you.
You die...
Fedhas appreciates your contribution to the ecosystem.

.. ......... # #.
.........
.###.###........
..........))...
########.#..........#
#..#..#.......<..#
#..#..#......>...#
#..'..#...c......#
#..#..####@#c...##
#.P#..#ff((#(##+##
##รท#####.#..).#....
#..).....#.<.......#
##...#####(.........
##### #.....##...
#.....# .. #....## #
######


You could see a centaur and 2 friendly wandering mushrooms.

Vanquished Creatures
  Sigmund (D:2)
  A hog (D:7)
  2 steam dragons (D:6)
  The ghost of loom the Magician, an amateur DEIE (D:4)
  An ice beast (D:6)
  2 bullfrogs (D:6)
  3 scorpions
  2 electric eels (D:6)
  A crimson imp (D:5)
  A jelly (D:6)
  A hound (D:5)
  A bullfrog skeleton (D:4)
  3 orc wizards (D:6)
  A gnoll shaman (D:5)
  2 iguanas
  A centaur skeleton (D:6)
  6 worker ants
  4 gnolls (D:5)
  6 adders
  A shadow imp (D:6)
  An ooze (D:5)
  A worm (D:4)
  2 dart slugs
  3 leopard geckos
  16 orcs
  6 giant cockroaches
  5 goblins
  6 hobgoblins
  5 jackals
  5 kobolds
  5 quokkas
  4 ball pythons
  A ball python skeleton (D:5)
  7 bats
  6 frilled lizards
  A giant cockroach zombie (D:5)
  A leopard gecko skeleton (D:6)
  A leopard gecko zombie (D:6)
  11 rats
128 creatures vanquished.

Vanquished Creatures (collateral kills)
  Prince Ribbit (D:6)
  3 hogs (D:7)
  A human (D:7)
  A sky beast (D:6)
  A bullfrog (D:6)
  An orc (D:3)
  An orc priest (D:7)
  A hound (D:6)
  A worker ant (D:6)
  A hound skeleton (D:6)
12 creatures vanquished.

Vanquished Creatures (others)
  2 wandering mushrooms
  A scorpion (D:3)
  An orc wizard (D:4)
  An orc (D:4)
  A jackal (D:7)
  A quokka (D:4)
  2 giant cockroach zombies (D:5)
  89 toadstools
98 creatures vanquished.

Grand Total: 238 creatures vanquished

Notes
Turn   | Place    | Note
-------+----------+-------------------------------------------
     0 | D:1      | M4edhros the Octopode Artificer began the quest for the Orb.
     0 | D:1      | Reached XP level 1. HP: 13/13 MP: 3/3
    42 | D:1      | Reached skill level 2 in Stealth
   148 | D:1      | Reached XP level 2. HP: 18/18 MP: 4/4
   159 | D:1      | Reached skill level 3 in Stealth
   446 | D:3      | Reached skill level 4 in Stealth
   446 | D:3      | Reached XP level 3. HP: 18/23 MP: 5/5
   477 | D:3      | Found an iron altar of Okawaru.
   580 | D:4      | Reached skill level 5 in Stealth
   774 | D:4      | Reached XP level 4. HP: 28/28 MP: 6/6
   795 | D:4      | Reached skill level 6 in Stealth
   809 | D:4      | HP: 1/28 [orc wizard/puff of flame (10)]
  1106 | D:4      | Noticed loom's ghost (amateur DEIE)
  1156 | D:3      | Reached XP level 5. HP: 14/33 MP: 7/7
  1346 | D:4      | Killed loom's ghost
  1346 | D:4      | Reached skill level 8 in Stealth
  1346 | D:4      | Reached XP level 6. HP: 38/38 MP: 8/8
  1616 | D:4      | Found a stormy altar of Qazlal.
  1681 | D:4      | Reached skill level 9 in Stealth
  1730 | D:4      | HP: 2/57 [poisoned by a worker ant]
  2600 | D:4      | Found a white marble altar of Elyvilon.
  2743 | D:5      | Entered Level 5 of the Dungeon
  3118 | D:5      | Reached skill level 10 in Stealth
  3118 | D:5      | Reached XP level 7. HP: 43/43 MP: 9/9
  3266 | D:5      | Found a staircase to the Ecumenical Temple.
  3276 | Temple   | Entered the Ecumenical Temple
  3498 | Temple   | Became a worshipper of Fedhas Madash
  3637 | D:2      | Noticed Sigmund
  3647 | D:2      | Killed Sigmund
  3647 | D:2      | Reached skill level 11 in Stealth
  4010 | D:2      | Found a radiant altar of Vehumet.
  4238 | D:3      | Reached * piety under Fedhas
  4538 | D:3      | Found a shimmering altar of Xom.
  4541 | D:3      | Found a hazy altar of Hepliaklqana.
  4541 | D:3      | Noticed a tentacled monstrosity
  4542 | D:3      | Noticed a spectral ugly thing
  4542 | D:3      | Noticed a tentacled monstrosity
  5082 | D:5      | Reached skill level 12 in Stealth
  5082 | D:5      | Reached XP level 8. HP: 14/48 MP: 10/10
  5385 | D:6      | Gained mutation: You are weak. (Str -2) [mutagenic meat]
  5754 | D:6      | Noticed Prince Ribbit
  5800 | D:6      | Killed Prince Ribbit
  5800 | D:6      | Reached skill level 13 in Stealth
  6771 | D:6      | Reached skill level 1 in Shields
  7268 | D:6      | Reached XP level 9. HP: 20/55 MP: 11/11
  7557 | D:6      | Reached skill level 1 in Invocations
  8339 | D:7      | Reached ** piety under Fedhas
  8376 | D:7      | Slain by a centaur

Vault maps used:
D:1:      minmay_arrival_split_and_join, minmay_misc_feat_columns,
          minmay_hexomino_p4
D:2:      vehumet_crystals, first_bread, uniq_sigmund
D:3:      regret_index_temple_of_mockery, okawaru_gym_becter, st_stairs_14,
          glass_columns_a
D:4:      nicolae_overflow_crystal_walls, elyvilon_altar_4
D:5:      minmay_temple_entry_large_hall, nrook_pool_corridor, minivault_1
D:6:      cheibrodos_steamvent, kennysheep_generic_room_2, uniq_prince_ribbit1
D:7:      lightli_bailey_entry_fortress, grunt_livestock,
          minmay_guarded_unrand_finisher
Temple:   regret_index_temple_generic_petals

Skill      XL: |  1  2  3  4  5  6  7  8  9 |
---------------+----------------------------+-----
Stealth        | 2 4 5 6 8 10 12 13 | 13.9
Shields        | 2 3 |  3.2
Fighting       | 2 3 |  3.6
Dodging        | 3 4 |  4.1
Invocations    | 2 |  2.5
Short Blades   | |  1.0
Evocations     | |  3.2

Action                   |  1- 3 |  4- 6 |  7- 9 || total
-------------------------+-------+-------+-------++-------
Melee: Short sword       |    26 |       |       ||    26
       Constrict         |     9 |    11 |    42 ||    62
       Mace              |    17 |    54 |   191 ||   262
       Tentacles         |     4 |    13 |    28 ||    45
Invok: Fungal Bloom      |       |       |    41 ||    41
       Evolution         |       |       |     4 ||     4
Evoke: Wand              |     5 |    10 |    14 ||    29
  Use: Potion            |     2 |     1 |     1 ||     4
       Scroll            |       |     5 |     7 ||    12
 Stab: Sleeping          |    12 |     8 |    22 ||    42
       Distracted        |       |     1 |     3 ||     4
       Confused          |       |       |     1 ||     1
  Eat: Chunk             |       |     2 |     2 ||     4
       Bread ration      |       |     1 |     2 ||     3
       Royal jelly       |       |       |     2 ||     2
       Meat ration       |       |       |     1 ||     1
Armor: Skin              |    14 |     3 |     7 ||    24
Dodge: Dodged            |    26 |    40 |   123 ||   189
Block: Buckler           |       |       |    29 ||    29
